AoeStats
← 一兵不出真君

Arabia

505153513Analyzed
1v1 RM · 25d ago on Sep 8, 2026· 13m 48s· 2 players
Game mode
Random Map
Map size
Tiny (2 player)
Population
200
Speed
Normal
Resources
Standard
Victory
Conquest
Starting age
Dark Age
Ending age
Imperial Age
RankedLock teamsTeams togetherTeam positionsShared explorationLock speedFull tech treeHidden civsTurbo modeCheats
Victory
Defeat
🇨🇴 Celts · Colombia
2002
+11
1892
-11
NuMa | OliverAtom
6:21 Loom
9:48 Feudal Age
10:04 Man-at-Arms
11:25 Arson
一兵不出真君
8:41 Feudal Age
7:22 Loom
9:38 Double-Bit Axe
10:39 Horse Collar
Connection lost

Rejoining the realm…

Still unreachable

The connection could not be restored.

Session expired

The server has moved on; the page needs a fresh start.